 Dungeon Crawl Stone Soup version 0.17-a0-1984-g55f5988 (webtiles) character file.

277 Ordine the Ruffian (level 6, -6/61 HPs)
             Began as a Troll Monk on Oct 6, 2015.
             Mangled by a gnoll sergeant
             ... wielding a +0 trident
              (14 damage)
             ... on level 4 of the Dungeon.
             The game lasted 00:07:22 (2977 turns).

Ordine the Ruffian (Troll Monk)                     Turns: 2977, Time: 00:07:23

Health: -6/61      AC:  5    Str: 20    XL:     6   Next: 4%
Magic:  5/5        EV: 11    Int:  6    God:
Gold:   226        SH:  0    Dex: 14    Spells: 0 memorised, 5 levels left

rFire  + . .     SeeInvis .       - Unarmed
rCold  + . .     Clarity  .     a - +0 robe
rNeg   . . .     SustAt   .     (no shield)
rPois  +         Gourm    +     (helmet restricted)
rElec  +         Spirit   .     (no cloak)
rCorr  +         Warding  .     (gloves unavailable)
rMut   .         Stasis   .     (boots unavailable)
MR     .....                    (no amulet)
Stlth  ++........               (no ring)
                                (no ring)

@: resistant, not resistant to hostile enchantments, unstealthy
A: unfitting armour, claws 3, fast metabolism 3, gourmand, regeneration 2,
shaggy fur 1, tough skin 2
a: no special abilities


You were on level 4 of the Dungeon.
You were full.

You visited 1 branch of the dungeon, and saw 4 of its levels.

You collected 226 gold pieces.

Inventory:

Armour
 a - a +0 robe (worn)
Wands
 n - a wand of confusion (9)
 p - a wand of draining (10)
Scrolls
 e - a scroll of recharging
 g - a scroll of fog
 l - 2 scrolls of remove curse
 q - a scroll of enchant weapon
Potions
 c - a potion of degeneration {unknown}
 d - a potion of heal wounds
 h - a potion of resistance
 i - 2 potions of curing {unknown}
 m - a potion of cancellation {unknown}
Comestibles
 b - 3 bread rations
 f - a fruit
 j - 2 chunks of flesh
 o - a meat ration


   Skills:
 + Level 3.5 Fighting
 + Level 3.5 Dodging
 - Level 1.1 Stealth
 * Level 5.7 Unarmed Combat


You had 5 spell levels left.
You didn't know any spells.

Dungeon Overview and Level Annotations

Branches:
Dungeon (4/15)
 Temple: D:4-7

Altars:
Cheibriados
Elyvilon
Gozag
Okawaru
Qazlal
Ru
Trog
Zin


Innate Abilities, Weirdness & Mutations

You are too large for most types of armour.
You have claws for hands.
Your metabolism is lightning-fast.
You like to eat raw meat.
You heal very quickly.
You are covered in fur (AC +1).
You have very tough skin (AC +2).


Message History

The gnoll hits you but does no damage.
The gnoll hits you from afar with a spear.
* * * LOW HITPOINT WARNING * * *
The gnoll sergeant hits you but does no damage.
The gnoll hits you but does no damage. The gnoll hits you but does no damage.
The gnoll sergeant hits you but does no damage.
The gnoll hits you but does no damage. The gnoll hits you but does no damage.
The gnoll sergeant hits you but does no damage.
The gnoll hits you but does no damage. x2
The gnoll sergeant hits you but does no damage.
The gnoll hits you but does no damage. x2
You feel less woody.
Your +0 robe unmelds from your body.
The gnoll barely misses you.
The gnoll sergeant hits you from afar with a trident.
* * * LOW HITPOINT WARNING * * *
The gnoll barely misses you. x2
The gnoll sergeant hits you from afar with a trident!
You die...

..........# # ..........
. .......... ########## #
......... #........### #
......... ##..........#
........# #...........##
......gg###............##
......g)##.............#.
......##@...............#
..... ###..............#
.... #................
##. #................ #
#................
#................
##...............
##..............
##.#######.....


You could see a gnoll sergeant and 2 gnolls.

Vanquished Creatures
  A scorpion (D:4)
  An orc priest (D:3)
  A hound (D:4)
  A worker ant (D:3)
  5 adders
  2 gnolls (D:4)
  An adder skeleton (D:4)
  4 worms
  2 giant geckos
  4 orcs (D:3)
  9 bats
  9 hobgoblins
  7 jackals
  9 kobolds
  A quokka (D:3)
  A ball python (D:2)
  2 giant newts (D:1)
  6 goblins
  9 rats
75 creatures vanquished.

Notes
Turn   | Place    | Note
--------------------------------------------------------------
     0 | D:1      | Ordine the Troll Monk began the quest for the Orb.
     0 | D:1      | Reached XP level 1. HP: 22/22 MP: 0/0
   185 | D:1      | Reached XP level 2. HP: 29/29 MP: 1/1
   844 | D:2      | Reached XP level 3. HP: 31/36 MP: 2/2
  1282 | D:2      | Found a sacrificial altar of Ru.
  1669 | D:3      | Reached XP level 4. HP: 45/45 MP: 3/3
  1705 | D:3      | You fall through a shaft!
  1860 | D:4      | Reached skill level 5 in Unarmed Combat
  1860 | D:4      | Reached XP level 5. HP: 32/53 MP: 4/4
  1901 | D:3      | Found a snail-covered altar of Cheibriados.
  1910 | D:3      | Found a glowing silver altar of Zin.
  2106 | D:3      | Found an iron altar of Okawaru.
  2127 | D:3      | Found a stormy altar of Qazlal.
  2139 | D:3      | Found a white marble altar of Elyvilon.
  2142 | D:3      | Found an opulent altar of Gozag.
  2641 | D:4      | Found a bloodstained altar of Trog.
  2744 | D:4      | Noticed a moth of wrath
  2766 | D:4      | Found a bloodstained altar of Trog.
  2943 | D:4      | Reached XP level 6. HP: 36/61 MP: 5/5
  2977 | D:4      | Mangled by a gnoll sergeant

Vault maps used:
D:1:      dpeg_arrival_pits
D:2:      nicolae_ru_path_of_blood, due_unseen_surprise
D:3:      lemuel_round_altar, nicolae_overflow_hidden_temple, serial_bayou,
          serial_bayou_pond_d, serial_bayou_shore_b, serial_bayou_pond_b,
          serial_bayou_lake_a
D:4:      lemuel_round_altar, first_bread, tgw_trog

Action                   |  1- 3 |  4- 6 || total
-------------------------+-------+-------++-------
Melee: Unarmed           |    93 |   109 ||   202
  Use: Scroll            |     5 |     3 ||     8
       Potion            |       |     3 ||     3
 Stab: Sleeping          |     2 |     1 ||     3
  Eat: Chunk             |    18 |    12 ||    30
